 Dungeon Crawl Stone Soup version 0.17-a0-1899-ge84b1df (webtiles) character file.

4762 Lysie the Cleaver (level 10, -4/77 HPs)
             Began as a Minotaur Fighter on Sept 24, 2015.
             Was a Priest of Okawaru.
             Killed by divine providence
             ... invoked by an orc priest
              (13 damage)
             ... on level 9 of the Dungeon.
             The game lasted 00:16:47 (6740 turns).

Lysie the Cleaver (Minotaur Fighter)                Turns: 6740, Time: 00:16:47

Health: -4/77      AC: 11    Str: 24    XL:     10   Next: 23%
Magic:  9/9        EV: 12    Int:  5    God:    Okawaru [***...]
Gold:   473        SH: 14    Dex: 10    Spells: 0 memorised, 9 levels left

rFire  . . .     SeeInvis .     a - +0 war axe
rCold  . . .     Clarity  .     b - +0 scale mail
rNeg   . . .     SustAt   .     c - +0 shield
rPois  .         Gourm    .     (helmet restricted)
rElec  .         Spirit   .     (no cloak)
rCorr  .         Warding  .     (no gloves)
rMut   .         Stasis   .     t - +0 pair of boots
MR     .....                    (no amulet)
Stlth  +.........               (no ring)
                                (no ring)

@: lethally poisoned (-4 -> -5), about to teleport, heroism, not resistant to
hostile enchantments, very unstealthy
A: retaliatory headbutt, horns 2
a: Heroism, Renounce Religion


You were on level 9 of the Dungeon.
You worshipped Okawaru.
Okawaru was most pleased with you.
You were full.

You visited 2 branches of the dungeon, and saw 9 of its levels.

You collected 473 gold pieces.

Inventory:

Hand weapons
 a - a +0 war axe (weapon)
 k - a +0 war axe of distortion
Missiles
 p - 5 throwing nets (quivered)
Armour
 b - a +0 scale mail (worn)
 c - a +0 shield (worn)
 t - a +0 pair of boots (worn)
Jewellery
 e - an uncursed ring of ice {unknown}
 i - an uncursed ring of wizardry
 w - an uncursed amulet of warding {unknown}
Magical devices
 D - a wand of disintegration (10)
 E - a wand of draining (9)
 F - a wand of lightning (4)
Scrolls
 f - a scroll of amnesia
 g - 5 scrolls of teleportation
 h - a scroll of random uselessness
 j - a scroll of immolation {unknown}
 l - 4 scrolls of remove curse {unknown}
 o - 5 scrolls of identify
 v - a scroll of fog {unknown}
 y - a scroll of recharging {unknown}
 A - a scroll of noise {unknown}
Potions
 m - a potion of brilliance {unknown}
 r - a potion of degeneration
 s - a potion of poison {unknown}
 u - a potion of haste {unknown}
 B - a potion of curing {unknown}
 G - a potion of magic {unknown}
Books
 z - a book of Necromancy

   Spells                             Type                      Level
   a - Pain                           Necromancy                   1
   b - Animate Skeleton               Necromancy                   1
   c - Vampiric Draining              Necromancy                   3
   d - Regeneration                   Charms/Necromancy            3
   e - Animate Dead                   Necromancy                   4
   f - Control Undead                 Necromancy                   4
Comestibles
 d - a beef jerky
 C - a meat ration
 H - 10 royal jellies


   Skills:
 - Level 3.6(8.6) Fighting
 * Level 13.0(18.0) Axes
 + Level 9.1(14.1) Armour
 + Level 9.6(14.6) Shields


You had 9 spell levels left.
You didn't know any spells.

Dungeon Overview and Level Annotations

Branches:
Dungeon (9/15)             Temple (1/1) D:4            Lair (0/8) D:9
    Orc (0/4) D:9

Altars:
Ashenzari
Cheibriados
Dithmenos
Elyvilon
Fedhas
Gozag
Kikubaaqudgha
Makhleb
Okawaru
Ru
Sif Muna
Vehumet
Xom
Yredelemnul
Zin
The Shining One


Innate Abilities, Weirdness & Mutations

You reflexively headbutt those who attack you in melee.
You have a pair of horns on your head.


Message History

You slash the orc priest!
You headbutt the orc priest, but do no damage.
The orc priest is almost dead.
You feel sick.
The orc priest hits you but does no damage.
You feel sick.
You feel sick.
The orc priest casts a cantrip, but nothing happens.
You feel sick.
You are no longer corroded.
The orc priest calls down the wrath of Beogh upon you.
Something smites you!
* * * LOW HITPOINT WARNING * * *
Read which item? (? for menu, Esc to quit)
As you read the scroll of teleportation, it crumbles to dust.
You feel strangely unstable.
You feel sick.
You feel sick.
The orc priest calls down the wrath of Beogh upon you.
Something smites you!
You die...

#.......#.....#.......#.....#...
#.......#.....#.......# #...
#.......#######.......# #...
#.............#.......#######...
#########.....#.............#...
#.......#.....#.o...........#...
#.......#.....#T............#...
#.......#.....#.............#...
#..............@......#.....#...
#.....................#.....#...
#########.............#.....#...
#.....<...............# ....#...
#..............)......# ...#...
#.............#.......# #...
#.............#.......# #...
#.......#######.......#######...
#...........................#...


You could see a troll and an orc priest.

Vanquished Creatures
  Pikel (D:8)
  3 hungry ghosts
  4 wargs (D:9)
  A water moccasin (D:5)
  5 orc warriors
  An ice beast (D:7)
  3 phantoms
  A black bear (D:8)
  A centaur (D:9)
  Blork the orc (D:4)
  A gnoll sergeant (D:9)
  4 giant frogs
  2 scorpions
  3 wights (D:7)
  11 killer bees
  4 crimson imps
  6 jellies
  An iguana (D:9)
  14 orc wizards
  3 hounds
  2 worker ants
  2 orc priests (D:7)
  2 hound skeletons
  A worker ant zombie (D:7)
  6 gnolls (D:9)
  13 adders
  A shadow imp (D:7)
  5 oozes (D:8)
  An adder zombie (D:7)
  An adder skeleton (D:4)
  7 worms
  4 giant geckos
  28 orcs
  7 bats
  3 giant cockroaches
  9 goblins
  7 hobgoblins
  7 jackals
  6 kobolds
  2 quokkas
  2 ball pythons
  8 giant newts
  8 rats
202 creatures vanquished.

Vanquished Creatures (others)
  A slave (D:8)
  An orc wizard (D:8)
  An orc (D:8)
3 creatures vanquished.

Grand Total: 205 creatures vanquished

Notes
Turn   | Place    | Note
--------------------------------------------------------------
     0 | D:1      | Lysie the Minotaur Fighter began the quest for the Orb.
     0 | D:1      | Reached XP level 1. HP: 19/19 MP: 0/0
   445 | D:1      | Reached skill level 4 in Armour
   445 | D:1      | Reached XP level 2. HP: 19/26 MP: 1/1
   895 | D:1      | Reached XP level 3. HP: 31/31 MP: 2/2
   958 | D:2      | Found a white marble altar of Elyvilon.
  1171 | D:2      | Reached XP level 4. HP: 35/39 MP: 3/3
  1544 | D:2      | Reached skill level 5 in Armour
  1599 | D:2      | Reached XP level 5. HP: 33/45 MP: 4/4
  1609 | D:3      | Reached skill level 5 in Shields
  1921 | D:3      | Reached XP level 6. HP: 24/51 MP: 5/5
  1998 | D:3      | Reached skill level 5 in Axes
  2099 | D:3      | Noticed a phantom
  2116 | D:3      | Killed a phantom
  2825 | D:4      | Noticed Blork the orc
  2832 | D:4      | Killed Blork the orc
  2864 | D:4      | Reached skill level 6 in Armour
  2984 | D:4      | Reached XP level 7. HP: 48/57 MP: 6/6
  3017 | D:4      | Found a shimmering altar of Xom.
  3269 | D:4      | Found a staircase to the Ecumenical Temple.
  3275 | Temple   | Entered the Ecumenical Temple
  3334 | Temple   | Became a worshipper of Warmaster Okawaru
  3798 | D:5      | Entered Level 5 of the Dungeon
  3810 | D:5      | Reached skill level 7 in Axes
  3813 | D:5      | Got a faintly glowing great sword
  3814 | D:5      | Identified the +3 great sword "Uphayqit" {drain, MR+} (You found it on level 5 of the Dungeon)
  3935 | D:5      | Found a radiant altar of Vehumet.
  3971 | D:5      | You fall through a shaft for 2 floors!
  3983 | D:7      | Acquired Okawaru's first power
  3983 | D:7      | Reached XP level 8. HP: 46/64 MP: 7/7
  4085 | D:7      | Reached skill level 8 in Axes
  4559 | D:7      | Reached skill level 9 in Axes
  4745 | D:8      | Reached XP level 9. HP: 67/70 MP: 8/8
  4770 | D:8      | Reached skill level 10 in Axes
  4833 | D:8      | Noticed Pikel
  4852 | D:8      | Killed Pikel
  4860 | D:8      | Reached skill level 11 in Axes
  4907 | D:8      | Found a burning altar of Makhleb.
  5341 | D:9      | Found a staircase to the Lair.
  5351 | D:9      | Reached skill level 12 in Axes
  5377 | D:9      | HP: 1/70 [warg (6)]
  5765 | D:9      | Reached XP level 10. HP: 64/77 MP: 6/9
  5797 | D:9      | Found a staircase to the Orcish Mines.
  6699 | D:9      | Reached skill level 13 in Axes
  6740 | D:9      | Killed from afar by an orc priest

Vault maps used:
D:1:      mrwooster_arrival_arrow, st_stairs_9
D:2:      elyvilon_altar_4, serial_glass, glass_columns_c, glass_columns_a,
          minmay_strange_pillars, patterned_corridor
D:4:      xom_teletrap_fun, minmay_temple_entry_hall, first_bread, serial_glass,
          glass_columns_c, glass_columns_a, glass_columns_a, uniq_blork_the_orc
D:5:      gammafunk_temple_overflow_forgotten, vehumet_crystals,
          minmay_bad_closet, nicolae_qazlal_eye_of_the_storm
D:8:      nicolae_overflow_crystal_walls, hangedman_little_slice_of_home,
          uniq_pikel
D:9:      erik_lair_orcish_takeover, david_orc_3
Temple:   chambers_temple_12

Action                   |  1- 3 |  4- 6 |  7- 9 | 10-12 || total
-------------------------+-------+-------+-------+-------++-------
Melee: War axe           |    93 |   150 |   295 |    88 ||   626
Throw: Throwing net      |       |       |       |     1 ||     1
Invok: Heroism           |       |       |    10 |     3 ||    13
  Use: Scroll            |     1 |     2 |     5 |     1 ||     9
       Potion            |       |       |     3 |     1 ||     4
 Stab: Fleeing           |       |       |     1 |       ||     1
  Eat: Beef jerky        |       |     2 |       |       ||     2
       Meat ration       |       |     1 |     1 |       ||     2
       Bread ration      |       |     1 |       |     2 ||     3
       Royal jelly       |       |       |     1 |       ||     1
       Fruit             |       |       |     9 |       ||     9
